 Dungeon Crawl Stone Soup version 0.22.1-1-ga44c0e5 (webtiles) character file.

64 dvd the Magician (level 3, -1/19 HPs)
             Began as a Deep Elf Venom Mage on Oct 25, 2018.
             Slain by a worker ant (7 damage)
             ... on level 2 of the Dungeon.
             The game lasted 00:04:17 (1797 turns).

dvd the Magician (Deep Elf Venom Mage)              Turns: 1797, Time: 00:04:18

Health: -1/19      AC:  3    Str:  3    XL:     3   Next: 91%
Magic:  3/10       EV: 13    Int: 20    God:
Gold:   94         SH:  0    Dex: 15    Spells: 4/10 levels left

rFire    . . .     SeeInvis .   j - +0 short sword
rCold    . . .     Gourm    .   (no shield)
rNeg     . . .     Faith    .   a - +0 robe
rPois    .         Spirit   .   (no helmet)
rElec    .         Reflect  .   (no cloak)
rCorr    .         Harm     .   k - +0 pair of gloves
MR       .....                  (no boots)
Stlth    ++........             (no amulet)
HPRegen  0.06/turn              i - -2 ring of strength (curse)
MPRegen  0.12/turn              (no ring)

@: very slightly contaminated
A: no striking features
a: no special abilities


You were on level 2 of the Dungeon.
You were hungry.

You visited 1 branch of the dungeon, and saw 2 of its levels.

You collected 94 gold pieces.

Inventory:

Hand Weapons
 j - a +0 short sword (weapon)
Armour
 a - a +0 robe (worn)
 k - a +0 pair of gloves (worn)
Jewellery
 i - a cursed -2 ring of strength (left hand)
Scrolls
 d - a scroll of enchant weapon {unknown}
 e - 4 scrolls of teleportation {unknown}
 g - a scroll of identify {unknown}
 h - a scroll of remove curse {unknown}
Potions
 b - 3 potions of heal wounds {unknown}
 f - a potion of degeneration {unknown}
 l - a potion of curing {unknown}
Comestibles
 c - a ration
 m - 3 chunks of flesh


   Skills:
 + Level 2.7 Dodging
 + Level 2.9 Stealth
 + Level 4.2 Spellcasting
 + Level 1.3 Conjurations
 + Level 0.7 Air Magic
 + Level 4.0 Poison Magic


You had 4 spell levels left.
You knew the following spells:

 Your Spells              Type           Power        Failure   Level  Hunger
a - Sting                 Conj/Pois      ###.         4%          1    None
b - Poisonous Vapours     Pois/Air       ##....       7%          2    #......
c - Mephitic Cloud        Conj/Pois/Air  ##......     16%         3    ###....

Your spell library contained the following spells:

 Spells                   Type           Power        Failure   Level  Hunger
 Olgreb's Toxic Radiance  Pois           ###.....     24%         4    ####...
 Venom Bolt               Conj/Pois      ###.......   75%         5    ######.


Dungeon Overview and Level Annotations

Branches:
Dungeon (2/15)

Altars:


Message History

Nothing appears to happen.
Casting: Poisonous Vapours (safe; 7% risk of failure)
Confirm with . or Enter, or press ? or * to list all spells.
Aiming: Sting (safe; 4% risk of failure)
Press: ? - help, Shift-Dir - straight line, f/p - worker ant
Aim: a worker ant (heavily wounded, poisoned)
The sting hits the worker ant.
The worker ant appears unharmed.
The worker ant is heavily wounded.
The worker ant bites you.
Casting: Sting (safe; 4% risk of failure)
Confirm with . or Enter, or press ? or * to list all spells.
Aiming: Sting (safe; 4% risk of failure)
Press: ? - help, Shift-Dir - straight line, f/p - worker ant
Aim: a worker ant (heavily wounded, poisoned)
The sting misses the worker ant.
The worker ant waves its antennae.
The worker ant bites you! The worker ant misses you.
You are feeling hungry.
The worker ant looks more healthy.
The worker ant bites you!
You die...

#### #... #.#. #.#. #.#.
#########################.#.
...........#...............<
...........@.############.#.
..........a..# .............
....†........# .#######)....
.............# #.#.##
.............# #.#...
.............# #.#.#.
.............# #.###.
............... #.....
.r.............# ######


You could see a worker ant.

Vanquished Creatures
  2 adders (D:2)
  2 worms (D:2)
  2 dart slugs (D:2)
  4 goblins
  4 hobgoblins
  6 jackals (D:1)
  4 kobolds
  2 ball pythons
  3 bats
  2 frilled lizards (D:1)
  6 rats
37 creatures vanquished.

Notes
Turn   | Place    | Note
-------+----------+-------------------------------------------
     0 | D:1      | dvd the Deep Elf Venom Mage began the quest for the Orb.
     0 | D:1      | Reached XP level 1. HP: 10/10 MP: 6/6
   380 | D:1      | Reached XP level 2. HP: 15/15 MP: 4/8
   435 | D:1      | Learned a level 2 spell: Poisonous Vapours
  1201 | D:2      | Reached XP level 3. HP: 19/19 MP: 1/10
  1280 | D:2      | Learned a level 3 spell: Mephitic Cloud
  1797 | D:2      | Slain by a worker ant

Skill      XL: |  1  2  3 |
---------------+----------+-----
Poison Magic   | 4 |  4.0
Spellcasting   | 4 |  4.2
Dodging        | |  2.7
Stealth        | |  2.9
Conjurations   | |  1.3
Air Magic      | |  0.7

Action                   || total
-------------------------++-------
Melee: Short sword       ||     2
 Cast: Sting             ||    34
       Poisonous Vapours ||    31
  Eat: Chunk             ||     3
Armor: Robe              ||     3
Dodge: Dodged            ||     7
